 Seeded DCSS version 0.29.1-15-g9cfb28693d (webtiles) character file.

Game seed: 6320845443627075161 (custom seed)

17936 Psyclone the Nimble (level 12, -5/111 HPs)
             Began as a Deep Elf Fire Elementalist on Sept 29, 2023.
             Was an Initiate of Ashenzari.
             Slain by a cane toad (12 damage)
             ... on level 1 of the Lair of Beasts.
             The game lasted 00:46:42 (13440 turns).

Psyclone the Nimble (Deep Elf Fire Elementalist)   Turns: 13440, Time: 00:46:43

Health: -5/111     AC: 26    Str:  5    XL:     12   Next: 23%
Magic:  33/35      EV:  2    Int: 31    God:    Ashenzari [......]
Gold:   937        SH:  0    Dex: 15    Spells: 11/27 levels left

rFire   . . .      SeeInvis .   O - +4 dagger (freeze)
rCold   . . .      Faith    .   (no shield)
rNeg    . . .      Spirit   .   (body armour currently unavailable)
rPois   +          Reflect  .   (helmet currently unavailable)
rElec   .          Harm     .   (cloak currently unavailable)
rCorr   .          Rampage  .   (gloves currently unavailable)
Will    ++...      NoTele   +   (boots currently unavailable)
Stlth   ++........              c - amulet "Per Aspera Ad Scientiam" {RegenMP Will+ Int+5, Bglg, Alch} (curse)
HPRegen 0.28/turn               e - ring of magical power
MPRegen 0.64/turn               (no ring)

@: tree-form, studying Ranged Weapons
A: stationary, stasis, torment immunity, boosted hp
a: Renounce Religion, Shatter the Chains


You were on level 1 of the Lair of Beasts.
You worshipped Ashenzari.
Ashenzari was noncommittal.
You were a tree.
You visited 3 branches of the dungeon, and saw 13 of its levels.
You also visited: Bailey.

You collected 1617 gold pieces.
You spent 680 gold pieces at shops.

Inventory:

Hand Weapons
 O - a +4 dagger of freezing (weapon)
Missiles
 Q - a throwing net {!f}
Armour
 a - a +2 robe of willpower (melded)
 o - a +1 hat of stealth (melded)
 E - a +0 pair of boots (melded)
 F - a +0 pair of gloves (melded)
 P - +0 steam dragon scales
 S - a +1 cloak of poison resistance (melded)
Jewellery
 c - the cursed amulet "Per Aspera Ad Scientiam" (around neck) {RegenMP Will+ Int+5, Bglg, Alch}
   (You acquired it on level 2 of the Dungeon)

   [amulet of magic regeneration]

   It increases your rate of magic regeneration.
   Int:       It affects your intelligence (+5).
   Will:      It increases your willpower.
   It has a curse which improves the following skills: Beguiling: Conjurations,
   Hexes and Translocations.
   Alchemy:   Poison Magic and Transmutations.
 e - a ring of magical power (left branch)
 z - a +6 ring of dexterity
 I - a ring of protection from fire
 J - a ring of resist corrosion
 R - a ring of positive energy
 T - a ring of magical power
 U - a +4 ring of protection
 V - a +4 ring of evasion
Wands
 n - a wand of flame (42)
 t - a wand of mindburst (17)
 B - a wand of digging (5)
 D - a wand of roots (6)
Scrolls
 d - 8 scrolls of identify {@r1}
 h - 6 scrolls of teleportation
 i - 5 scrolls of magic mapping {unknown}
 m - 2 scrolls of vulnerability {unknown}
 p - a scroll of enchant armour {unknown}
 u - 2 scrolls of noise {unknown}
 w - a scroll of poison {unknown}
 x - 3 scrolls of amnesia {unknown}
 y - 3 scrolls of enchant weapon {unknown}
 A - a scroll of brand weapon {unknown}
 C - a scroll of silence {unknown}
 L - 4 scrolls of butterflies {unknown}
 N - a scroll of acquirement
Potions
 b - 4 potions of magic
 f - 8 potions of curing
 g - 5 potions of haste {unknown}
 j - 2 potions of resistance {unknown}
 k - 5 potions of brilliance {unknown}
 l - 3 potions of flight {unknown}
 q - 3 potions of might {unknown}
 r - a potion of experience
 s - a potion of lignification
 v - 5 potions of degeneration {unknown}
 H - 2 potions of attraction {unknown}
 M - a potion of invisibility {unknown}


   Skills:
 + Level 8.2 Fighting
 + Level 8.4 Dodging
 - Level 2.4 Stealth
 - Level 8.0 Spellcasting
 - Level 8.0(8.4) Conjurations
 - Level 8.0(8.4) Transmutations
 - Level 8.0 Fire Magic
 * Level 6.3 Air Magic
 - Level 8.0(8.4) Poison Magic


You had 11 spell levels left.
You knew the following spells:

 Your Spells              Type           Power      Damage    Failure   Level
a - Foxfire               Conj/Fire      100%       2x1d9     1%          1
c - Conjure Flame         Conj/Fire      59%        6-21      1%          3
d - Mephitic Cloud        Conj/Pois/Air  57%        N/A       1%          3
s - Ignite Poison         Fire/Tmut/Pois 59%        N/A       1%          3
v - Poisonous Vapours     Pois/Air       100%       N/A       1%          2
x - Olgreb's Toxic Radia  Pois           59%        N/A       1%          4

Your spell library contained the following spells:

 Spells                   Type           Power      Damage    Failure   Level
 Magic Dart               Conj           100%       1d8       1%          1
 Sting                    Tmut/Pois      100%       1d8       1%          1
 Scorch                   Fire           100%       2d10      1%          2
 Searing Ray              Conj           100%       2d8       1%          2
 Flame Wave               Conj/Fire      59%        2d14      1%          4
 Inner Flame              Hex/Fire       37%        N/A       2%          3
 Freeze                   Ice            48%        1d7       4%          1
 Slow                     Hex            48%        N/A       4%          1
 Fulminant Prism          Conj/Hex       19%        3d11      7%          4
 Hailstorm                Conj/Ice       38%        3d9       7%          4
 Summon Lightning Spire   Summ/Air       32%        N/A       11%         4
 Call Canine Familiar     Summ           12%        N/A       12%         3
 Confusing Touch          Hex            12%        N/A       12%         3
 Frozen Ramparts          Ice            24%        1d4       12%         3
 Portal Projectile        Hex/Tloc       24%        N/A       12%         3
 Summon Guardian Golem    Hex/Summ       12%        N/A       12%         3
 Vampiric Draining        Necr           12%        2d6       12%         3
 Freezing Cloud           Conj/Ice/Air   21%        6-21      14%         5
 Leda's Liquefaction      Hex/Erth       6%         N/A       36%         4
 Orb of Destruction       Conj           29%        9d9       71%         7
 Storm Form               Tmut/Air       27%        N/A       86%         7
 Spellforged Servitor     Conj/Summ      19%        N/A       99%         7
 Maxwell's Capacitive Co  Air            25%        ∞         100%        8


Dungeon Overview and Level Annotations

Branches:
Dungeon (11/15) Zot: 24492  Temple (1/1) D:7 Zot: 5707    Lair (1/5) D:10 Zot: 5857
    Orc (0/2) D:11         Bailey (visited)

Altars:
Ashenzari
Cheibriados
Dithmenos
Elyvilon
Fedhas
Gozag
Hepliaklqana
Kikubaaqudgha
Makhleb
Nemelex Xobeh
Okawaru
Qazlal
Ru
Sif Muna
Trog
Uskayaw
Vehumet
Wu Jian
Xom
Yredelemnul
Zin
The Shining One

Shops:
D:2 :   D:7 !   D:9 [

Annotations:
D:6 exclusion: downstairs
D:8 6 transporters


Message History

You regained 9 hp, and now have 19/111 hp.
You feel better.
The water moccasin bites you but does no damage.
The cane toad stings you but does no damage.
The cane toad stings you!
* * * LOW HITPOINT WARNING * * *
A yak comes into view.
The water moccasin bites you but does no damage.
You regained 3 hp, and now have 22/111 hp.
Okay, then.
As you read the scroll of summoning, it crumbles to dust.
Wisps of shadow whirl around you...
The cane toad stings you but does no damage. x2
The water moccasin bites you.
* * * LOW HITPOINT WARNING * * *
You take 1 damage, and have 21/111 hp.
As you read the scroll of summoning, it crumbles to dust.
Wisps of shadow whirl around you...
The sentinel's mark upon you fades away.
The yak looks more healthy.
The water moccasin bites you but does no damage.
The cane toad stings you!
* * * LOW HITPOINT WARNING * * *
The cane toad stings you but does no damage.
The yak gores your water moccasin!
A yak comes into view.
The water moccasin bites you but does no damage.
The cane toad stings you.
* * * LOW HITPOINT WARNING * * *
The cane toad stings you but does no damage.
Your basilisk barely misses the water moccasin.
You take 15 damage, and have 6/111 hp.
You feel better.
The yak completely misses your water moccasin.
The water moccasin bites you.
* * * LOW HITPOINT WARNING * * *
Your water moccasin bites the yak!
The yak dies!
The cane toad stings you!
You die...

..............................
..............................
..........>...................
...........[.P..+###.#..######
.............#.....÷.†..#
########...(.#..........#
#.#.#†.#..Y..#l....÷÷#..#
+.h..+Y.†YSF#S....<.+..+.
#....##.Yl†S♣S.÷.......P#
#....##...lF#YlY....#...#
#######.....#.......#..##
#.....#÷.........#
.......÷####.##...#
........... .........
........... ......... .......
.... ....


You could see 4 yaks, 2 cane toads, a basilisk, a water moccasin (ally target),
a friendly komodo dragon (summoned), 2 friendly yaks, a friendly basilisk
(summoned), 3 friendly water moccasins and a friendly wyvern (summoned).

Vanquished Creatures
  An orc warlord (Bailey)
  A catoblepas (Lair:1)
  Erolcha (D:11)
  A hydra (D:11)
  2 two-headed ogres
  Maggie (D:9)
  A gargoyle (D:9)
  3 komodo dragons
  A troll (D:10)
  A vampire (D:11)
  A basilisk (D:10)
  26 yaks
  3 wyverns
  2 steam dragons
  Edmund (D:5)
  2 acid dragons
  2 water moccasins
  20 orc warriors
  A sky beast (D:6)
  An ice beast (D:5)
  6 black bears
  An ogre (D:5)
  6 wolves (Lair:1)
  3 centaurs
  3 kobold brigands
  6 bullfrogs
  3 necrophages
  2 gnoll sergeants
  3 scorpions
  24 wights
  10 howler monkeys
  3 electric eels (D:10)
  3 hounds
  A gnoll bouda (D:9)
  9 orc priests
  Crazy Yiuf (D:3)
  Ijyb (D:4)
  2 iguanas
  12 orc wizards
  16 gnolls
  6 adders
  A shadow imp (D:8)
  A worm (D:4)
  5 dart slugs
  76 orcs
  7 ball pythons
  2 endoplasms (D:4)
  A giant cockroach (D:4)
  20 goblins
  18 hobgoblins
  3 quokkas
  5 bats
  A frilled lizard (D:3)
  17 kobolds
  2 rats
352 creatures vanquished.

Vanquished Creatures (collateral kills)
  A yak (Lair:1)
1 creature vanquished.

Vanquished Creatures (others)
  868 foxfires
  47 fungi
  73 plants (D:10)
988 creatures vanquished.

Grand Total: 1341 creatures vanquished

Notes
Turn   | Place    | Note
-------+----------+-------------------------------------------
     0 | D:1      | Psyclone the Deep Elf Fire Elementalist began the quest for
                  | the Orb.
     0 | D:1      | Reached XP level 1. HP: 10/10 MP: 6/6
    80 | D:2      | Identified a scroll of acquirement
    80 | D:2      | Acquired the amulet "Purug" {RegenMP Will+ Int+5}
   989 | D:2      | Found Weil's Book Boutique.
  1007 | D:2      | Found a faded altar of an unknown god.
  1011 | D:2      | Reached XP level 2. HP: 15/15 MP: 8/8
  1293 | D:3      | Reached skill level 1 in Poison Magic
  1293 | D:3      | Reached XP level 3. HP: 15/19 MP: 10/10
  1296 | D:3      | Reached XP level 4. HP: 20/24 MP: 12/12
  2247 | D:3      | Found an ornate altar of the Wu Jian Council.
  2390 | D:4      | Reached XP level 5. HP: 28/28 MP: 13/13
  2667 | D:4      | Found a sacrificial altar of Ru.
  2846 | D:4      | Reached skill level 5 in Poison Magic
  3496 | D:2      | Bought a Young Poisoner's Handbook for 200 gold pieces
  3499 | D:2      | Learned a level 2 spell: Poisonous Vapours
  3503 | D:2      | Learned a level 3 spell: Conjure Flame
  3508 | D:2      | Learned a level 4 spell: Olgreb's Toxic Radiance
  3615 | D:4      | Noticed Ijyb
  3626 | D:4      | Killed Ijyb
  3627 | D:4      | Reached XP level 6. HP: 29/32 MP: 14/14
  3711 | D:4      | Reached skill level 1 in Transmutations
  3786 | D:4      | Found a white marble altar of Elyvilon.
  3856 | D:4      | Found a shimmering altar of Xom.
  3857 | D:4      | Found a hazy altar of Hepliaklqana.
  3858 | D:4      | Noticed a spectral ugly thing
  3874 | D:4      | Acquired 731 gold pieces
  3911 | D:2      | Bought a Trismegistus Codex for 280 gold pieces
  3911 | D:2      | Bought a book of Conjurations for 200 gold pieces
  3917 | D:2      | Learned a level 3 spell: Ignite Poison
  3964 | D:5      | Entered Level 5 of the Dungeon
  4234 | D:5      | Reached XP level 7. HP: 36/36 MP: 15/15
  4618 | D:5      | Noticed Edmund
  4696 | D:5      | Killed Edmund
  4697 | D:5      | Reached skill level 5 in Transmutations
  4697 | D:5      | Reached skill level 5 in Fire Magic
  4995 | D:6      | Reached XP level 8. HP: 41/41 MP: 16/16
  5026 | D:6      | Found a hide-covered altar of Uskayaw.
  5266 | D:6      | Reached skill level 5 in Spellcasting
  5854 | D:6      | Identified the +1 ring mail of Sorcery {Int+5}
  5984 | D:7      | Reached skill level 1 in Air Magic
  6139 | D:7      | Reached XP level 9. HP: 45/45 MP: 20/20
  6235 | D:7      | Reached skill level 5 in Air Magic
  6736 | D:7      | Found an opulent altar of Gozag.
  6736 | D:7      | Found a stormy altar of Qazlal.
  6736 | D:7      | Found a shadowy altar of Dithmenos.
  6776 | D:7      | Found a staircase to the Ecumenical Temple.
  6785 | Temple   | Entered the Ecumenical Temple
  6958 | Temple   | Became a worshipper of Ashenzari the Shackled
  7126 | D:7      | Learned a level 3 spell: Mephitic Cloud
  7140 | D:7      | HP: 1/43 [wight/+1 dire flail (13)]
  7470 | D:7      | Found Guepsas's Distillery.
  7674 | D:8      | Found a transporter.
  7680 | D:8      | Found a transporter.
  7682 | D:8      | Found a transporter.
  7697 | D:8      | Found a flagged portal.
  7706 | Bailey   | Entered a bailey
  7732 | Bailey   | Reached skill level 5 in Conjurations
  7908 | Bailey   | Reached XP level 10. HP: 50/50 MP: 24/24
  8019 | Bailey   | Noticed an orc warlord
  8024 | Bailey   | Killed an orc warlord
  8624 | D:8      | Found a transporter.
  8628 | D:8      | Found a transporter.
  8688 | D:8      | Found a transporter.
  8764 | D:8      | Found a snail-covered altar of Cheibriados.
  8884 | D:8      | Noticed a two-headed ogre
  8889 | D:8      | Killed a two-headed ogre
  9017 | D:9      | Found Sajoudun's Antique Armour Emporium.
  9113 | D:9      | Noticed Maggie
  9116 | D:9      | Killed Maggie
  9117 | D:9      | Reached skill level 1 in Fighting
  9194 | D:9      | Noticed a gargoyle
  9207 | D:9      | Killed a gargoyle
  9453 | D:9      | Found an iron altar of Okawaru.
  9751 | D:9      | Reached XP level 11. HP: 58/58 MP: 25/25
  9824 | D:10     | Entered Level 10 of the Dungeon
  9843 | D:10     | Reached skill level 5 in Dodging
 10214 | D:10     | Noticed a two-headed ogre
 10220 | D:10     | Killed a two-headed ogre
 10332 | D:10     | Found a staircase to the Lair.
 10380 | D:10     | Found a radiant altar of Vehumet.
 10537 | D:10     | Reached skill level 5 in Fighting
 10805 | D:11     | Noticed a five-headed hydra
 10806 | D:11     | Found a staircase to the Orcish Mines.
 10814 | D:11     | Killed a five-headed hydra
 11330 | D:3      | Found a runed translucent door.
 11331 | D:3      | Noticed Crazy Yiuf
 11343 | D:3      | Killed Crazy Yiuf
 11761 | D:11     | Noticed Erolcha
 11763 | D:11     | Killed Erolcha
 13165 | Lair:1   | Entered Level 1 of the Lair of Beasts
 13171 | Lair:1   | Noticed a catoblepas
 13173 | Lair:1   | Reached XP level 12. HP: 62/72 MP: 26/26
 13182 | Lair:1   | Killed a catoblepas
 13440 | Lair:1   | Slain by a cane toad

Illustrated notes

Levels and vault maps discovered:
D:1:      dpeg_arrival_lava_temple_mockup, layout_basic
D:2:      layout_loops_ring, shapermc_ecumenical_altar_starsandcircs,
          serial_shops, nicolae_shop_window_shopping
D:3:      layout_loops_ring, pdpol_wu_jian_five_deadly_venoms, corexii_shack,
          uniq_crazy_yiuf_cottage
D:4:      layout_basic, regret_index_temple_of_mockery, hangedman_ru_absence,
          lemuel_tele_altar, uniq_ijyb
D:5:      layout_loops_cross, uniq_edmund
D:6:      layout_cave_pods, amcnicky_altar_gilded
D:7:      layout_cave_pools, gammafunk_temple_overflow_claw,
          minmay_temple_entry_statues_pillars, serial_shops,
          nicolae_shop_statue_plus
D:8:      layout_rooms, kennysheep_mini, enter_bailey_8, serial_nicolae_subway,
          nicolae_sub_station_metal, nicolae_sub_station_stone,
          nicolae_sub_station_crystal
D:9:      layout_roguey, mainiacjoe_overflow_alcove_2, serial_shops, shop,
          uniq_maggie
D:10:     layout_cave_pools, nicolae_vehumet_altar_sigil,
          due_lair_maze_entry_diamond, kennysheep_minor_cross, dk_vineyard_3,
          disabler_island
D:11:     layout_big_octagon, david_orc_5, serial_co_window_serial,
          co_window_paths_b, co_window_paths_b, co_window_paths_a,
          co_window_paths_a, co_window_paths_b, co_window_cross_1,
          co_window_corner_b, co_window_unsneaky_path_e, co_window_2corner,
          co_window_2corner, co_window_broadway_c, co_window_broadway_b,
          co_window_cross_3, glass_columns_b, glass_columns_a, glass_columns_c,
          glass_columns_a, glass_columns_a, uniq_erolcha
Temple:   dpeg_chambers_temple
Lair:1:   layout_regular_city

Skill      XL: |  1  2  3  4  5  6  7  8  9 10 11 12 |
---------------+-------------------------------------+-----
Spellcasting   | 4 6 8 |  8.0
Fire Magic     | 4 5 6 8 |  8.0
Poison Magic   | 1 2 4 5 6 7 8 |  8.0
Transmutations | 4 5 6 8 |  8.0
Air Magic      | 3 6 |  6.3
Conjurations   | 6 8 |  8.0
Fighting       | 2 7 8 |  8.2
Dodging        | 4 8 |  8.4
Stealth        | |  2.4

Action                   |  1- 3 |  4- 6 |  7- 9 | 10-12 || total
-------------------------+-------+-------+-------+-------++-------
Melee: Unarmed           |     1 |     4 |       |       ||     5
       Short sword       |       |     2 |     1 |       ||     3
       Dagger            |       |       |     1 |    55 ||    56
       Punch             |       |       |       |     2 ||     2
 Cast: Foxfire           |    40 |   182 |   176 |   108 ||   506
       Poisonous Vapours |       |     9 |    26 |    28 ||    63
       Ignite Poison     |       |     3 |    25 |    66 ||    94
       Olgreb's Toxic Ra |       |     1 |    10 |    61 ||    72
       Conjure Flame     |       |       |    10 |     9 ||    19
       Mephitic Cloud    |       |       |     2 |     8 ||    10
Invok: Curse Item        |       |       |       |     1 ||     1
  Use: Scroll            |     1 |     1 |     2 |     4 ||     8
       Potion            |       |       |       |     9 ||     9
 Stab: Sleeping          |       |       |     1 |       ||     1
Armor: Robe              |     1 |    13 |    11 |    13 ||    38
       Skin              |       |       |       |    38 ||    38
Dodge: Dodged            |     3 |    26 |    15 |    48 ||    92
